 Dungeon Crawl Stone Soup version 0.27.1-35-g4d5d836560 (console) character file.

Game seed: 17731332586145135754

212 grimtooth the Chopper (level 5, -1/48 HPs)
             Began as a Hill Orc Gladiator on Apr 6, 2022.
             Slain by Crazy Yiuf (4 damage)
             ... while petrified by Crazy Yiuf
             ... on level 3 of the Dungeon.
             The game lasted 00:09:47 (3680 turns).

grimtooth the Chopper (Hill Orc Gladiator)          Turns: 3680, Time: 00:09:48

Health: -1/48      AC:  4    Str: 17    XL:     5   Next: 90%
Magic:  5/5        EV:  2    Int:  9    God:
Gold:   150        SH:  0    Dex: 12    Spells: 4/4 levels left

rFire    . . .     SeeInvis .   a - +2 dagger (venom)
rCold    . . .     Faith    .   (no shield)
rNeg     + + +     Spirit   .   n - +0 leather armour
rPois    ∞         Reflect  .   c - +0 helmet
rElec    .         Harm     .   (no cloak)
rCorr    .         Rampage  .   (no gloves)
Will     .....                  (no boots)
Stlth    +.........             (no amulet)
HPRegen  0.16/turn              (no ring)
MPRegen  0.09/turn              (no ring)

@: lethally poisoned (-1 -> -1), petrified
A: no striking features
a: no special abilities


You were on level 3 of the Dungeon.
You visited 1 branch of the dungeon, and saw 3 of its levels.

You collected 150 gold pieces.

Inventory:

Hand Weapons
 a - a +2 dagger of venom (weapon)
 b - a +0 hunting sling
 f - a +0 war axe
Missiles
 d - 3 throwing nets {=f}
 e - 12 poisoned darts
 h - 30 stones (quivered)
 s - 28 arrows
Armour
 c - a +0 helmet (worn)
 n - a +0 leather armour (worn)
Wands
 r - a wand of flame (23)
Scrolls
 i - 2 scrolls of noise {unknown}
 j - a scroll of amnesia {unknown}
 k - 2 scrolls of identify {unknown}
 l - 2 scrolls of enchant armour {unknown}
 m - a scroll of silence {unknown}
 p - a scroll of brand weapon {unknown}
 q - 2 scrolls of teleportation {unknown}
 t - 2 scrolls of holy word
Potions
 g - a potion of heal wounds {unknown}
 o - a potion of attraction {unknown}


   Skills:
 + Level 5.3 Fighting
 + Level 6.5 Axes
 - Level 1.7 Throwing
 - Level 2.4 Dodging


You had 4 spell levels left.
You didn't know any spells.
Your spell library contained the following spells:

 Spells                   Type           Power      Damage    Failure   Level
 Shock                    Conj/Air       0%         1d3       45%         1
 Ensorcelled Hibernation  Hex/Ice        0%         N/A       58%         2
 Spider Form              Tmut/Pois      0%         N/A       83%         3
 Swiftness                Air            0%         N/A       83%         3
 Airstrike                Air            0%         N/A       99%         4
 Shadow Creatures         Summ           N/A        N/A       100%        6


Dungeon Overview and Level Annotations

Branches:
Dungeon (3/15)

Altars:
Uskayaw

Annotations:
D:3 Crazy Yiuf


Message History

a - a +2 dagger of venom (weapon)
Crazy Yiuf grits, "Ice King snail!"
You open the door. You closely miss Crazy Yiuf.
Crazy Yiuf hits you with a +3 quarterstaff of chaos!
You are slowing down.
Press: ? - help, v - describe, . - travel
Here: Crazy Yiuf, wielding a +3 quarterstaff of chaos and wearing a +0 cloak An open translucent door.
As you read the scroll labelled PATOCZ PIGU, it crumbles to dust.
You speak a Word of immense power!
It was a scroll of holy word.
Crazy Yiuf grits, "Cake head meccalolo!"
Crazy Yiuf hits you with a +3 quarterstaff of chaos.
You are poisoned.
Your limbs are stiffening.
You hit Crazy Yiuf but do no damage.
Crazy Yiuf is poisoned.
You feel very sick. Crazy Yiuf barely misses you.
Crazy Yiuf hits you with a +3 quarterstaff of chaos.
You have turned to stone.
Crazy Yiuf hits you with a +3 quarterstaff of chaos!
You resist with some effort.
Crazy Yiuf hits you with a +3 quarterstaff of chaos! x2
Crazy Yiuf completely misses you.
Crazy Yiuf hits you with a +3 quarterstaff of chaos.
Crazy Yiuf burns you.
Crazy Yiuf grits, "Aardvark return to song bag!"
Crazy Yiuf hits you with a +3 quarterstaff of chaos!
* * * LOW HITPOINT WARNING * * *
Crazy Yiuf burns you.
* * * LOW HITPOINT WARNING * * *
Crazy Yiuf hits you but does no damage.
Crazy Yiuf hits you with a +3 quarterstaff of chaos.
* * * LOW HITPOINT WARNING * * *
Crazy Yiuf freezes you.
* * * LOW HITPOINT WARNING * * *
Crazy Yiuf hits you with a +3 quarterstaff of chaos!
* * * LOW HITPOINT WARNING * * *
Crazy Yiuf hits you with a +3 quarterstaff of chaos!
You die...

...#
#..#.#####.#
########
#..........#
.......#
#....#######
.......#
#....#
.......#####
#...##
.......#...#
##...#
.......#.###
##.##
.......#.#
##.#
.......#.#
#.##
.........#
##.#
.......#.#
#@##
.......###
#g# .......#
... .......#
#...#
#.######
#)..# ..#
##### #.#
###


You could see Crazy Yiuf (poisoned).

Vanquished Creatures
  Terence (D:3)
  3 orc wizards
  A gnoll (D:3)
  4 adders (D:2)
  An adder skeleton (D:3)
  A dart slug (D:2)
  4 orcs
  4 endoplasms
  5 giant cockroaches
  7 goblins
  8 hobgoblins
  3 quokkas
  5 bats
  6 frilled lizards
  3 kobolds
  5 rats
61 creatures vanquished.

Vanquished Creatures (others)
  3 plants (D:2)
3 creatures vanquished.

Grand Total: 64 creatures vanquished

Notes
Turn   | Place    | Note
-------+----------+-------------------------------------------
     0 | D:1      | grimtooth the Hill Orc Gladiator began the quest for the
                  | Orb.
     0 | D:1      | Reached XP level 1. HP: 18/18 MP: 1/1
   251 | D:1      | Reached XP level 2. HP: 25/25 MP: 2/2
   955 | D:2      | Reached XP level 3. HP: 31/31 MP: 3/3
  1038 | D:2      | Reached skill level 5 in Axes
  1263 | D:2      | Reached XP level 4. HP: 33/40 MP: 4/4
  1522 | D:2      | Found a faded altar of an unknown god.
  2152 | D:3      | Found a hide-covered altar of Uskayaw.
  2152 | D:3      | Noticed a +0 dagger
  2152 | D:3      | Noticed a +0 short sword
  2153 | D:3      | Noticed a +0 falchion
  2154 | D:3      | Noticed a +0 short sword
  2155 | D:3      | Noticed a +0 spear
  2155 | D:3      | Noticed a +0 dagger
  2156 | D:3      | Noticed a +0 falchion
  2157 | D:3      | Noticed a +0 spear
  2184 | D:3      | Reached skill level 6 in Axes
  2184 | D:3      | Reached XP level 5. HP: 21/47 MP: 5/5
  2615 | D:3      | Noticed Terence
  2625 | D:3      | Killed Terence
  2626 | D:3      | Reached skill level 5 in Fighting
  2870 | D:3      | Found a runed translucent door.
  2871 | D:3      | Noticed Crazy Yiuf
  3679 | D:3      | HP: 2/48 [Crazy Yiuf (6)]
  3680 | D:3      | Slain by Crazy Yiuf

Illustrated notes

Levels and vault maps discovered:
D:1:      saegor_arrival_simple_d, layout_basic
D:2:      layout_loops_ring, hellmonk_ecumenical_altar_run_dry, serial_bayou,
          serial_bayou_pond_d, serial_bayou_lake_a, serial_bayou_pond_e,
          serial_bayou_shore_b
D:3:      layout_basic, nicolae_uskayaw_en_pointe,
          hangedman_decor_diamond_cutter, palyth_stone_intersect, minmay_vboxes,
          uniq_crazy_yiuf_cottage, uniq_terence

Skill      XL: |  1  2  3  4  5 |
---------------+----------------+-----
Fighting       | 3 4 5 |  5.3
Axes           | 5 6 |  6.5
Throwing       | |  1.7
Dodging        | |  2.4

Action                   |  1- 3 |  4- 6 || total
-------------------------+-------+-------++-------
Melee: War axe           |    21 |       ||    21
       Dagger            |    61 |    56 ||   117
 Fire: Hunting sling     |     3 |    65 ||    68
Throw: Stone             |     9 |       ||     9
  Use: Scroll            |       |     1 ||     1
 Stab: Sleeping          |     1 |       ||     1
Armor: Leather armour    |    27 |    18 ||    45
Dodge: Dodged            |    36 |    48 ||    84
